AoeStats
← citron_Petr

Black Forest

508501161Analyzed
2v2 RM · 10d ago on Sep 22, 2026· 84m 31s· 4 players
Game mode
Random Map
Map size
Medium (4 player)
Population
200
Speed
Normal
Resources
Standard
Victory
Conquest
Starting age
Dark Age
Ending age
Imperial Age
RankedLock teamsTeams togetherTeam positionsShared explorationLock speedFull tech treeHidden civsTurbo modeCheats
Victory
Defeat
🇨🇿 Bohemians · Czechia
531
+14
🇨🇿 Khmer · Czechia
528
+14
🇵🇪 Vietnamese · Peru
485
-14
🇵🇪 Persians · Peru
480
-14
Lisan al Gaib
1:31 Loom
15:45 Feudal Age
17:05 Wheelbarrow
16:21 Double-Bit Axe
19:47 Horse Collar
26:27 Castle Age
28:10 Hand Cart
28:14 Stone Mining
28:17 Gold Mining
28:51 Caravan
29:08 Town Watch
30:37 Bow Saw
32:18 Heavy Plow
32:41 Arson
32:56 Squires
32:17 Man-at-Arms
37:35 Imperial Age
35:37 Long Swordsman
37:44 Two-Handed Swordsman
38:23 Fletching
38:33 Padded Archer Armor
38:34 Scale Mail Armor
38:44 Forging
39:40 Two-Man Saw
39:13 Crop Rotation
38:32 Elite Rattan Archer
40:20 Champion
43:30 Ballistics
43:11 Bodkin Arrow
43:32 Leather Archer Armor
43:33 Chain Mail Armor
43:54 Iron Casting
43:43 Paper Money
62:54 Ring Archer Armor
62:25 Bracer
62:55 Plate Mail Armor
62:31 Scale Barding Armor
63:08 Bloodlines
62:58 Husbandry
62:19 Elite Battle Elephant
73:52 Chain Barding Armor
82:55 Thumb Ring
82:57 Light Cavalry
markex_22
14:39 Feudal Age
14:59 Double-Bit Axe
14:58 Horse Collar
15:11 Gold Mining
15:41 Loom
17:52 Wheelbarrow
25:12 Castle Age
27:18 Gold Shaft Mining
26:34 Stone Mining
26:47 Heavy Plow
27:00 Bow Saw
29:51 Stone Shaft Mining
31:51 Hand Cart
33:02 Kamandaran
35:21 Scale Barding Armor
35:16 Scale Mail Armor
35:28 Forging
35:28 Padded Archer Armor
35:18 Fletching
36:29 Caravan
40:46 Imperial Age
38:33 Pikeman
39:15 Squires
40:11 Murder Holes
43:12 Crop Rotation
43:46 Two-Man Saw
43:45 Arson
44:33 Halberdier
57:05 Chain Barding Armor
61:38 Crossbowman
63:31 Thumb Ring
66:11 Cavalier
71:13 Heavy Camel Rider
xDarkFaZeCZx
16:46 Feudal Age
19:31 Horse Collar
19:39 Double-Bit Axe
28:11 Castle Age
26:01 Loom
26:51 Wheelbarrow
26:02 Town Watch
29:32 Heavy Plow
29:49 Bow Saw
29:33 Gold Mining
29:33 Stone Mining
33:43 Gold Shaft Mining
33:43 Stone Shaft Mining
33:36 Hand Cart
33:21 Town Patrol
39:53 Imperial Age
38:25 Tusk Swords
38:49 Husbandry
38:59 Bloodlines
38:10 Light Cavalry
39:22 Ballistics
41:49 Crop Rotation
42:51 Double Crossbow
44:26 Hussar
44:26 Cavalier
50:31 Hoardings
49:29 Sappers
50:21 Conscription
63:40 Elite Ballista Elephant
65:04 Redemption
65:15 Sanctity
65:21 Illumination
65:06 Fervor
68:16 Heated Shot
68:22 Murder Holes
68:33 Siege Engineers
68:38 Masonry
68:39 Fortified Wall
68:19 Guard Tower
68:37 Scale Barding Armor
68:33 Padded Archer Armor
68:33 Scale Mail Armor
68:43 Forging
68:24 Fletching
68:37 Caravan
69:08 Coinage
71:05 Cavalier
73:16 Banking
74:55 Keep
74:51 Architecture
75:22 Chemistry
citron_Petr
15:14 Feudal Age
17:05 Wheelbarrow
20:15 Castle Age
21:41 Wheelbarrow
24:39 Hand Cart
28:09 Imperial Age
27:45 Chemistry
29:59 Loom
30:01 Town Watch
30:49 Double-Bit Axe
30:48 Horse Collar
32:34 Bow Saw
32:38 Town Patrol
33:40 Heavy Plow
34:46 Two-Man Saw
35:36 Elite Hussite Wagon
38:42 Caravan
40:23 Houfnice
45:50 Onager
73:38 Wagenburg Tactics
Connection lost

Rejoining the realm…

Still unreachable

The connection could not be restored.

Session expired

The server has moved on; the page needs a fresh start.